 Dungeon Crawl Stone Soup version 0.27-a0-1105-g946c659c87 (webtiles) character file.

Game seed: 16575646189767713625

604 senseless the Insei (level 7, -3/52 HPs)
             Began as a Gnoll Transmuter on Apr 29, 2021.
             Slain by an orc warrior
             ... wielding a +0 war axe
              (19 damage)
             ... on level 4 of the Dungeon.
             The game lasted 00:12:43 (5628 turns).

senseless the Insei (Gnoll Transmuter)              Turns: 5628, Time: 00:12:43

Health: -3/52      AC:  2    Str: 11    XL:     7   Next: 42%
Magic:  15/15      EV: 15    Int: 12    God:
Gold:   164        SH:  0    Dex: 19    Spells: 16/17 levels left

rFire    . . .     SeeInvis .   l - +3 whip (venom)
rCold    . . .     Faith    .   (no shield)
rNeg     . . .     Spirit   .   a - +0 robe
rPois    .         Reflect  .   (helmet currently unavailable)
rElec    .         Harm     .   b - scarf {repulsion}
rCorr    .         Rampage  .   (no gloves)
Will     .....                  (boots currently unavailable)
Stlth    ++........             (no amulet)
HPRegen  0.17/turn              p - +6 ring of dexterity
MPRegen  0.14/turn              (no ring)

@: appendages, repel missiles
A: horns 2, talons 2, fangs 1, strong nose, distributed training
a: End Transformation


You were on level 4 of the Dungeon.
You had temporarily grown beastly horns and talons.
You visited 1 branch of the dungeon, and saw 5 of its levels.

You collected 227 gold pieces.
You spent 63 gold pieces at shops.

Inventory:

Hand Weapons
 d - a +1 dagger of venom
 k - a +1 morningstar of freezing
 l - a +3 whip of venom (weapon)
Missiles
 f - a throwing net
Armour
 a - a +0 robe (worn)
 b - a scarf of repulsion (worn)
 h - a +0 pair of boots (melded)
Magical Staves
 c - a staff of air
Jewellery
 p - a +6 ring of dexterity (left hand)
Wands
 m - a wand of flame (18)
 n - a wand of digging (5)
Scrolls
 g - a scroll of blinking
 j - a scroll of identify
Potions
 e - a potion of lignification
 i - a potion of might
 o - a potion of curing


   Skills:
 + Level 3.6 Fighting
 + Level 2.5 Short Blades
 + Level 2.5 Long Blades
 + Level 2.5 Axes
 + Level 2.5 Maces & Flails
 + Level 2.5 Polearms
 + Level 2.5 Staves
 + Level 2.5 Slings
 + Level 2.5 Bows
 + Level 2.5 Crossbows
 + Level 2.5 Throwing
 + Level 2.5 Armour
 + Level 5.2 Dodging
 + Level 2.5 Stealth
 + Level 2.5 Shields
 + Level 7.0 Unarmed Combat
 + Level 5.6 Spellcasting
 + Level 2.0 Conjurations
 + Level 2.0 Hexes
 + Level 2.0 Summonings
 + Level 2.0 Necromancy
 + Level 2.0 Translocations
 + Level 4.3 Transmutations
 + Level 2.0 Fire Magic
 + Level 2.0 Ice Magic
 + Level 2.0 Air Magic
 + Level 2.0 Earth Magic
 + Level 2.0 Poison Magic
 + Level 2.7 Invocations
 + Level 2.5 Evocations


You had 16 spell levels left.
You knew the following spells:

 Your Spells              Type           Power      Damage    Failure   Level
a - Beastly Appendage     Tmut           26%        N/A       3%          1

Your spell library contained the following spells:

 Spells                   Type           Power      Damage    Failure   Level
 Wereblood                Tmut           13%        N/A       4%          2
 Magic Dart               Conj           32%        1d4       9%          1
 Summon Small Mammal      Summ           32%        N/A       9%          1
 Blink                    Tloc           N/A        N/A       12%         2
 Call Imp                 Summ           8%         N/A       12%         2
 Slow                     Hex            8%         N/A       12%         2
 Spider Form              Tmut/Pois      5%         N/A       16%         3
 Call Canine Familiar     Summ           8%         N/A       24%         3
 Conjure Flame            Conj/Fire      8%         6-21      24%         3
 Mephitic Cloud           Conj/Pois/Air  8%         N/A       24%         3
 Summon Guardian Golem    Hex/Summ       8%         N/A       24%         3
 Ice Form                 Ice/Tmut       11%        N/A       45%         4
 Summon Ice Beast         Ice/Summ       8%         N/A       63%         4
 Summon Lightning Spire   Summ/Air       8%         N/A       63%         4
 Hydra Form               Tmut           6%         N/A       65%         5


Dungeon Overview and Level Annotations

Branches:
Dungeon (5/15)
 Temple: D:4-7

Altars:
Yredelemnul

Shops:
D:2 *   D:3 (!=


Innate Abilities, Weirdness & Mutations

You have temporarily grown beastly horns and talons.
You have very sharp teeth.
Your uncanny sense of smell can sniff out nearby items.
Your experience applies equally to all skills.


Message History

The ball python grabs you. The ball python constricts you.
You hit the ball python but do no damage.
You bite the ball python.
The ball python is severely wounded.
The orc warrior completely misses you.
The ball python bites you but does no damage.
The ball python constricts you.
Your magical contamination has completely faded away.
You escape the ball python's grasp.
The orc warrior hits you with a +0 war axe!
You grow a pair of large bovine horns.
Your feet morph into talons.
Your +0 pair of boots melds into your body.
The orc warrior hits you with a +0 war axe!
You are too injured to fight recklessly!
You are too injured to fight recklessly!
You are too injured to fight recklessly!
You hit the orc warrior.
The orc warrior is poisoned.
The orc warrior is lightly wounded.
The orc warrior barely misses you.
You hit the orc warrior but do no damage.
The orc warrior is lightly wounded.
The orc warrior barely misses you.
You closely miss the orc warrior.
You headbutt the orc warrior, but do no damage.
The orc warrior is moderately wounded.
The orc warrior barely misses you.
You closely miss the orc warrior. Your punch misses the orc warrior.
The orc warrior is moderately wounded.
The orc warrior barely misses you.
You hit the orc warrior but do no damage.
The orc warrior looks as sick as possible!
You claw the orc warrior.
The orc warrior is moderately wounded.
The orc warrior hits you with a +0 war axe.
You hit the orc warrior but do no damage.
The orc warrior looks as sick as possible!
You claw the orc warrior.
The orc warrior is heavily wounded.
The orc warrior hits you with a +0 war axe!!
You die...

..............# ∆ #.
.........####..# #.
.........# #....###. .
.........###.....#. ..
..........##.....)###.###
##....)..>.#.............
##.......#.#....Sg...####
∆ ####.#####.##..#o#####
# #.# #.... #@# # #.#
###..##.#######
####.#######...........#
.............##........#
............#
#........###.
............#
#............
#...........#
#..#.######..
............###....#
.#..).......#.....##


You could see an orc warrior (extremely poisoned), a goblin and a ball python.

Vanquished Creatures
  A sky beast (D:3)
  2 scorpions (D:4)
  2 orc priests
  Natasha (thrice) (D:2)
  An orc wizard (D:5)
  A hound zombie (D:5)
  7 adders
  4 gnolls (D:4)
  2 worms
  7 dart slugs
  11 orcs
  7 endoplasms
  4 giant cockroaches
  9 goblins
  15 hobgoblins
  2 jackals (D:1)
  5 quokkas
  9 ball pythons
  6 bats
  3 frilled lizards
  6 kobolds
  2 rats
109 creatures vanquished.

Notes
Turn   | Place    | Note
-------+----------+-------------------------------------------
     0 | D:1      | senseless the Gnoll Transmuter began the quest for the Orb.
     0 | D:1      | Reached XP level 1. HP: 17/17 MP: 6/6
   238 | D:1      | Reached XP level 2. HP: 14/23 MP: 5/7
   816 | D:1      | Reached XP level 3. HP: 26/28 MP: 7/9
   968 | D:1      | Reached skill level 5 in Spellcasting
  1391 | D:2      | Reached skill level 1 in Invocations
  1575 | D:2      | Reached skill level 1 in Short Blades
  1575 | D:2      | Reached skill level 1 in Long Blades
  1575 | D:2      | Reached skill level 1 in Axes
  1575 | D:2      | Reached skill level 1 in Maces & Flails
  1575 | D:2      | Reached skill level 1 in Polearms
  1575 | D:2      | Reached skill level 1 in Staves
  1575 | D:2      | Reached skill level 1 in Slings
  1575 | D:2      | Reached skill level 1 in Bows
  1575 | D:2      | Reached skill level 1 in Crossbows
  1575 | D:2      | Reached skill level 1 in Throwing
  1575 | D:2      | Reached skill level 1 in Armour
  1575 | D:2      | Reached skill level 1 in Stealth
  1575 | D:2      | Reached skill level 1 in Shields
  1575 | D:2      | Reached skill level 1 in Evocations
  1643 | D:2      | Reached XP level 4. HP: 34/34 MP: 9/11
  1668 | D:2      | Found a faded altar of an unknown god.
  1712 | D:2      | Noticed Natasha
  1720 | D:2      | Killed Natasha
  1832 | D:2      | Noticed Natasha
  1839 | D:2      | Killed Natasha
  1840 | D:2      | Reached skill level 1 in Conjurations
  1840 | D:2      | Reached skill level 1 in Hexes
  1840 | D:2      | Reached skill level 1 in Summonings
  1840 | D:2      | Reached skill level 1 in Necromancy
  1840 | D:2      | Reached skill level 1 in Translocations
  1840 | D:2      | Reached skill level 1 in Fire Magic
  1840 | D:2      | Reached skill level 1 in Ice Magic
  1840 | D:2      | Reached skill level 1 in Air Magic
  1840 | D:2      | Reached skill level 1 in Earth Magic
  1840 | D:2      | Reached skill level 1 in Poison Magic
  1881 | D:2      | Noticed Natasha
  1892 | D:2      | Reached XP level 5. HP: 28/40 MP: 12/12
  2058 | D:2      | Found Foemilom's General Store.
  2177 | D:2      | Bought a +0 pair of boots for 63 gold pieces
  2331 | D:2      | Killed Natasha
  3184 | D:3      | Found Ushel's Antique Weapon Boutique.
  3238 | D:3      | Found Zuaproew's Distillery.
  3244 | D:3      | Noticed a sky beast
  3508 | D:3      | Killed a sky beast
  3509 | D:3      | Reached XP level 6. HP: 22/47 MP: 14/14
  3720 | D:3      | You fall into a shaft and drop 2 floors!
  3720 | D:5      | Entered Level 5 of the Dungeon
  3855 | D:5      | Reached skill level 5 in Dodging
  4564 | D:4      | Reached XP level 7. HP: 5/52 MP: 15/15
  4642 | D:4      | Reached skill level 7 in Unarmed Combat
  4937 | D:4      | Found a basalt altar of Yredelemnul.
  5030 | D:3      | Found Ireruegg's Jewellery Boutique.
  5628 | D:4      | Slain by an orc warrior

Illustrated notes

Levels and vault maps discovered:
D:1:      minmay_arrival_four_houses, layout_basic
D:2:      cheibrodos_greedy_goblins, layout_loops_ring, serial_shops, shop,
          chequers_ecumenical_altar_simple_redux, minmay_liquid_box,
          uniq_natasha
D:3:      layout_rooms, serial_shops, shop, nicolae_shop_statue_plus, shop
D:4:      layout_rooms, lemuel_round_altar, minmay_manual_mail
D:5:      layout_basic, minmay_temple_entry_wispy

Skill      XL: |  1  2  3  4  5  6  7 |
---------------+----------------------+-----
Spellcasting   | 5 |  5.6
Invocations    | 1 2 |  2.7
Short Blades   | 1 2 |  2.5
Long Blades    | 1 2 |  2.5
Axes           | 1 2 |  2.5
Maces & Flails | 1 2 |  2.5
Polearms       | 1 2 |  2.5
Staves         | 1 2 |  2.5
Slings         | 1 2 |  2.5
Bows           | 1 2 |  2.5
Crossbows      | 1 2 |  2.5
Throwing       | 1 2 |  2.5
Armour         | 1 2 |  2.5
Stealth        | 1 2 |  2.5
Shields        | 1 2 |  2.5
Evocations     | 1 2 |  2.5
Conjurations   | 1 2 |  2.0
Hexes          | 1 2 |  2.0
Summonings     | 1 2 |  2.0
Necromancy     | 1 2 |  2.0
Translocations | 1 2 |  2.0
Fire Magic     | 1 2 |  2.0
Ice Magic      | 1 2 |  2.0
Air Magic      | 1 2 |  2.0
Earth Magic    | 1 2 |  2.0
Poison Magic   | 1 2 |  2.0
Fighting       | 3 |  3.6
Transmutations | 4 |  4.3
Dodging        | 5 |  5.2
Unarmed Combat | 7 |  7.0

Action                   |  1- 3 |  4- 6 |  7- 9 || total
-------------------------+-------+-------+-------++-------
Melee: Unarmed           |    72 |   171 |    46 ||   289
       Kick              |    14 |    34 |    15 ||    63
       Headbutt          |     6 |    18 |     7 ||    31
       Bite              |     2 |    16 |     6 ||    24
       Punch             |     1 |       |     5 ||     6
       Whip              |       |       |    25 ||    25
 Cast: Beastly Appendage |    24 |    29 |    12 ||    65
  Use: Scroll            |     4 |     2 |     3 ||     9
       Potion            |       |     2 |     4 ||     6
 Stab: Sleeping          |     2 |     3 |     1 ||     6
Armor: Robe              |    11 |    14 |     9 ||    34
       Skin              |       |     2 |    11 ||    13
Dodge: Dodged            |    39 |    87 |    43 ||   169
       Repelled          |       |     1 |     1 ||     2

Table legend: (Time is in decaauts)
 A = Elapsed time spent in this place.
 B = Non-inter-level travel time spent in this place.
 C = Inter-level travel time spent in this place.
 D = Time resting spent in this place.
 E = Time spent auto-exploring this place.
 F = Levels seen in this place.
 G = Mean time per level.
                   A        B        C        D        E       F      G
               +--------+--------+--------+--------+--------+-----+--------+
         Total |   5576 |   5516 |     60 |   1632 |   3098 |   5 | 1115.2 |
       Dungeon |   5576 |   5516 |     60 |   1632 |   3098 |   5 | 1115.2 |
               +--------+--------+--------+--------+--------+-----+--------+

Top non-repeatable levels by time:
     D:2: 2052 daAuts
     D:1: 1318 daAuts
     D:4: 1001 daAuts
     D:3: 602 daAuts
     D:5: 600 daAuts
